 Dungeon Crawl Stone Soup version 0.28-a0-773-g130ae17fe5 (webtiles) character file.

Game seed: 4193453581492953468

44 ders the Skirmisher (level 3, -3/24 HPs)
             Began as a Gargoyle Fighter on Nov 2, 2021.
             Slain by Sigmund (10 damage)
             ... on level 2 of the Dungeon.
             The game lasted 00:01:54 (1257 turns).

ders the Skirmisher (Gargoyle Fighter)              Turns: 1257, Time: 00:01:55

Health: -3/24      AC: 10    Str: 20    XL:     3   Next: 60%
Magic:  3/3        EV:  9    Int:  8    God:
Gold:   59         SH:  4    Dex:  9    Spells: 2/2 levels left

rFire   . . .      SeeInvis .   a - +0 flail
rCold   . . .      Faith    +   c - +0 buckler
rNeg    + . .      Spirit   .   b - +0 scale mail
rPois   ∞          Reflect  .   (no helmet)
rElec   +          Harm     .   (no cloak)
rCorr   .          Rampage  .   (no gloves)
Will    .....                   (no boots)
Stlth   ..........              i - amulet of faith
HPRegen 0.08/turn               (no ring)
MPRegen 0.08/turn               (no ring)

@: mighty, brilliant, flying
A: sickness immunity, AC +3, negative energy resistance 1, electricity
resistance, torment resistance 1, petrification resistance
a: no special abilities


You were on level 2 of the Dungeon.
You visited 1 branch of the dungeon, and saw 2 of its levels.

You collected 59 gold pieces.

Inventory:

Hand Weapons
 a - a +0 flail (weapon)
Armour
 b - a +0 scale mail (worn)
 c - a +0 buckler (worn)
Jewellery
 i - an amulet of faith (around neck)
 o - an amulet of regeneration
Wands
 q - a wand of charming (11)
Scrolls
 h - a scroll of holy word {unknown}
 j - a scroll of blinking {unknown}
 k - 2 scrolls of noise {unknown}
 l - a scroll of identify {unknown}
 m - a scroll of teleportation {unknown}
 p - a scroll of fear {unknown}
Potions
 e - a potion of mutation {unknown}


   Skills:
 * Level 4.2 Fighting
 * Level 3.0 Maces & Flails
 - Level 3.2 Armour
 - Level 3.2 Shields


You had 2 spell levels left.
You didn't know any spells.
Your spell library contained the following spells:

 Spells                   Type           Power      Damage    Failure   Level
 Corpse Rot               Necr/Air       0%         N/A       90%         2
 Dispel Undead            Necr           0%         3d6       100%        4
 Death Channel            Necr           0%         N/A       100%        6


Dungeon Overview and Level Annotations

Branches:
Dungeon (2/15)

Altars:

Annotations:
D:2 Sigmund


Innate Abilities, Weirdness & Mutations

You are immune to sickness and miasma.
Your stone body is resilient. (AC +3)
You are immune to poison.
You resist negative energy. (rN+)
You are resistant to electric shocks. (rElec)
You are resistant to unholy torment.
You are immune to petrification.


Message History

The goblin hits you but does no damage.
Sigmund mumbles some strange words.
Sigmund flickers and vanishes!
Deactivating autopickup; reactivate with Ctrl-A.
You feel less confused. The goblin hits you but does no damage.
You feel very mighty all of a sudden. The goblin hits you but does no damage.
Something hits you.
You sock the goblin!
You kill the goblin!
You hear some strange, mumbled words.
A puff of flame appears from out of thin air!
The puff of flame hits you.
You see here a +0 dagger.
You barely miss something. Something hits you.
You barely miss something. Something hits you!
* * * LOW HITPOINT WARNING * * *
It was a potion of brilliance.
You feel clever all of a sudden. You block something's attack.
It was a potion of heal wounds.
You feel much better.
You miss something. Something hits you but does no damage.
You closely miss something. Something completely misses you.
You closely miss something. Something hits you.
You closely miss something. Something hits you but does no damage.
You thump something! Something hits you.
You sock something! You sock something! Something hits you.
You miss something. Something hits you but does no damage.
You barely miss something. Something hits you but does no damage.
You completely miss something.
You hear some strange, mumbled words.
A puff of flame appears from out of thin air!
The puff of flame hits you.
You closely miss something. Something hits you.
* * * LOW HITPOINT WARNING * * *
It was a potion of flight.
You feel very buoyant.
You fly up into the air.
Something hits you!
You die...

...##......# #.##..
#.###......# #.##.# #.#
#......###.##.# ..#
#........#.##.#
#.###.######.#.##.#
#[.†......##.#.##.### #
#.†.......#.........#.###.
#.........................
#.........#.....@...#.####
..........#......{..# #
....................#
..........####.........
#..##...... ...##..#..##
.. .....##..#..# .....
......# ..... ......# ...
##.##


There were no monsters in sight!

Vanquished Creatures
  2 adders (D:2)
  A worm (D:2)
  A dart slug (D:2)
  3 endoplasms
  5 goblins
  A kobold (D:1)
  A quokka (D:1)
  A bat (D:1)
  4 frilled lizards
  3 rats
22 creatures vanquished.

Notes
Turn   | Place    | Note
-------+----------+-------------------------------------------
     0 | D:1      | ders the Gargoyle Fighter began the quest for the Orb.
     0 | D:1      | Reached XP level 1. HP: 14/14 MP: 1/1
    19 | D:1      | Found a faded altar of an unknown god.
   436 | D:1      | Reached XP level 2. HP: 19/19 MP: 2/2
   998 | D:2      | Reached XP level 3. HP: 17/24 MP: 3/3
  1004 | D:2      | Reached skill level 4 in Fighting
  1230 | D:2      | Noticed Sigmund
  1257 | D:2      | Slain by Sigmund

Illustrated notes

Levels and vault maps discovered:
D:1:      ncdulo_wetmaze, layout_loops_cross, ebering_ecumenical_altar_mist
D:2:      layout_basic, uniq_sigmund

Skill      XL: |  1  2  3 |
---------------+----------+-----
Fighting       | 4 |  4.2
Maces & Flails | 3 |  3.0
Armour         | |  3.2
Shields        | |  3.2

Action                   || total
-------------------------++-------
Melee: Flail             ||    82
  Use: Potion            ||     4
Armor: Scale mail        ||    37
Dodge: Dodged            ||    30
Block: Buckler           ||    14

Table legend: (Time is in decaauts)
 A = Elapsed time spent in this place.
 B = Non-inter-level travel time spent in this place.
 C = Inter-level travel time spent in this place.
 D = Time resting spent in this place.
 E = Time spent auto-exploring this place.
 F = Levels seen in this place.
 G = Mean time per level.
                   A        B        C        D        E       F      G
               +--------+--------+--------+--------+--------+-----+--------+
         Total |   1285 |   1263 |     22 |    402 |    666 |   2 |  642.5 |
       Dungeon |   1285 |   1263 |     22 |    402 |    666 |   2 |  642.5 |
               +--------+--------+--------+--------+--------+-----+--------+

Top non-repeatable levels by time:
     D:1: 957 daAuts
     D:2: 328 daAuts
